 Dungeon Crawl Stone Soup version 0.29-a0-1043-g569b05d6ff (webtiles) character file.

Game seed: 9280596704641855509

111 Newt the Cutter (level 4, -5/33 HPs)
             Began as a Demonspawn Gladiator on Aug 15, 2022.
             Slain by Natasha (7 damage)
             ... on level 2 of the Dungeon.
             The game lasted 00:03:02 (2229 turns).

Newt the Cutter (Demonspawn Gladiator)              Turns: 2229, Time: 00:03:03

Health: -5/33      AC:  3    Str: 16    XL:     4   Next: 62%
Magic:  4/4        EV: 12    Int: 11    God:
Gold:   67         SH:  0    Dex: 15    Spells: 3/3 levels left

rFire   . . .      SeeInvis .   j - +2 rapier (vamp)
rCold   . . .      Faith    .   (no shield)
rNeg    . . .      Spirit   .   b - +0 leather armour
rPois   .          Reflect  .   (helmet restricted)
rElec   .          Harm     .   (no cloak)
rCorr   .          Rampage  .   (no gloves)
Will    .....                   (no boots)
Stlth   ++........              (no amulet)
HPRegen 0.11/turn               (no ring)
MPRegen 0.09/turn               (no ring)

@: slowed, very slow
A: antennae 1, big brain 1
a: no special abilities


You were on level 2 of the Dungeon.
You visited 1 branch of the dungeon, and saw 2 of its levels.

You collected 67 gold pieces.

Inventory:

Hand Weapons
 a - a +0 rapier
 j - a +2 vampiric rapier (weapon)
Missiles
 d - 3 throwing nets (quivered)
 g - 11 poisoned darts
 l - 20 stones
Armour
 b - a +0 leather armour (worn)
 c - a +0 helmet
Jewellery
 o - a ring of ice
 p - a +4 ring of slaying
Scrolls
 f - a scroll of amnesia {unknown}
 k - a scroll of poison {unknown}
 m - a scroll of enchant armour {unknown}
 n - a scroll of summoning {unknown}
Potions
 h - a potion of degeneration {unknown}
 i - a potion of mutation {unknown}
 q - a potion of attraction {unknown}
 r - a potion of curing {unknown}


   Skills:
 - Level 2.0 Fighting
 + Level 4.5 Short Blades
 - Level 1.7 Throwing
 - Level 2.6 Dodging
 - Level 2.0 Stealth


You had 3 spell levels left.
You didn't know any spells.
Your spell library contained the following spells:

 Spells                   Type           Power      Damage    Failure   Level
 Magic Dart               Conj           0%         1d3       41%         1
 Searing Ray              Conj           0%         2d4       54%         2
 Fulminant Prism          Conj/Hex       0%         3d6       99%         4


Dungeon Overview and Level Annotations

Branches:
Dungeon (2/15)

Altars:

Shops:
D:2 (

Annotations:
D:2 Natasha


Innate Abilities, Weirdness & Mutations

You have a pair of small antennae on your head.
You have an unusually large brain. (Int +2)


Message History

Natasha is severely wounded.
Natasha closely misses you.
You miss Natasha.
Natasha is severely wounded.
Natasha barely misses you.
You hit Natasha.
Natasha is severely wounded.
Natasha claws you.
You closely miss Natasha.
Natasha is severely wounded.
Natasha mumbles some strange words.
You closely miss Natasha.
Natasha is severely wounded.
Natasha claws you!
You miss Natasha.
Natasha is severely wounded.
Natasha stares at you and mumbles some strange words.
The magic dart hits you!
* * * LOW HITPOINT WARNING * * *
Unknown command.
You hit Natasha.
You feel better.
Natasha is almost dead.
The crimson imp barely misses you.
Unknown command.
Okay, then.
Okay, then.
You closely miss Natasha.
Natasha is almost dead.
Natasha casts a spell at you.
You feel yourself slow down. The crimson imp hits you.
* * * LOW HITPOINT WARNING * * *
Unknown command.
Throw: javelin
Press: ? - help, Shift-Dir - straight line, f - Natasha
Aim: Natasha, carrying a wand of flame (17) (almost dead, 51% to hit)
You throw a javelin. The javelin pierces through Natasha.
Natasha is almost dead.
Natasha zaps a wand.
The puff of flame misses you. The crimson imp barely misses you.
Natasha claws you!
You die...

# # # # #. ## # ##'# ..
# ##...## .# # #
##.....## .## .. #
##.......## .(#.#.#
####.........####h.....#
...'.........'..@5...#
####.........####....# #
#.......## #.#.#
##.....## ## # # ##...##
# ##†## ########.#
.......#.# ######.#.## .


You could see Natasha and a crimson imp (summoned).

Vanquished Creatures
  Jessica (D:2)
  3 adders (D:2)
  2 worms (D:2)
  2 dart slugs (D:1)
  2 endoplasms
  A giant cockroach (D:2)
  6 goblins
  2 hobgoblins (D:1)
  12 jackals
  2 ball pythons
  A bat (D:2)
  4 frilled lizards
  5 kobolds
  3 rats (D:2)
46 creatures vanquished.

Notes
Turn   | Place    | Note
-------+----------+-------------------------------------------
     0 | D:1      | Newt the Demonspawn Gladiator began the quest for the Orb.
     0 | D:1      | Reached XP level 1. HP: 16/16 MP: 1/1
    76 | D:1      | Reached skill level 1 in Stealth
   252 | D:1      | Gained mutation: You have an unusually large brain. (Int
                  | +2) [demonic ancestry]
   252 | D:1      | Reached XP level 2. HP: 22/22 MP: 2/2
   607 | D:1      | Found a faded altar of an unknown god.
   654 | D:1      | Reached skill level 3 in Short Blades
  1156 | D:2      | Gained mutation: You have a pair of small antennae on your
                  | head. [demonic ancestry]
  1156 | D:2      | Reached XP level 3. HP: 18/27 MP: 3/3
  1771 | D:2      | Found Atuemn's Weapon Emporium.
  1787 | D:2      | Noticed Jessica
  1802 | D:2      | Reached XP level 4. HP: 19/33 MP: 4/4
  1804 | D:2      | Killed Jessica
  1805 | D:2      | Reached skill level 4 in Short Blades
  2217 | D:2      | Noticed Natasha
  2229 | D:2      | Slain by Natasha

Illustrated notes

Levels and vault maps discovered:
D:1:      spicycebolla_arrival_xxxplode, layout_loops_corners,
          shapermc_ecumenical_altar_ellora
D:2:      layout_loops_corners, serial_shops, shop, grunt_ministairs_13,
          corner_web_ring, minmay_rat_gold_closets, uniq_jessica, uniq_natasha

Skill      XL: |  1  2  3  4 |
---------------+-------------+-----
Stealth        | 1 2 |  2.0
Short Blades   | 3 4 |  4.5
Fighting       | |  2.0
Throwing       | |  1.7
Dodging        | |  2.6

Action                   |  1- 3 |  4- 6 || total
-------------------------+-------+-------++-------
Melee: Rapier            |   107 |    30 ||   137
Throw: Javelin           |       |     1 ||     1
 Stab: Sleeping          |     5 |       ||     5
       Distracted        |     1 |       ||     1
Armor: Leather armour    |    14 |     3 ||    17
Dodge: Dodged            |    53 |    17 ||    70

Table legend: (Time is in decaauts)
 A = Elapsed time spent in this place.
 B = Non-inter-level travel time spent in this place.
 C = Inter-level travel time spent in this place.
 D = Time resting spent in this place.
 E = Time spent auto-exploring this place.
 F = Levels seen in this place.
 G = Mean time per level.
                   A        B        C        D        E       F      G
               +--------+--------+--------+--------+--------+-----+--------+
         Total |   2231 |   2202 |     29 |    309 |   1568 |   2 | 1115.5 |
       Dungeon |   2231 |   2202 |     29 |    309 |   1568 |   2 | 1115.5 |
               +--------+--------+--------+--------+--------+-----+--------+

Top non-repeatable levels by time:
     D:1: 1131 daAuts
     D:2: 1100 daAuts
